 Dungeon Crawl Stone Soup version 0.20-a0-1078-g4874019 (webtiles) character file.

6627 FastMan the Severer (level 10, -6/94 HPs)
             Began as a Minotaur Berserker on May 1, 2017.
             Was an Elder of Trog.
             Killed from afar by an electric eel (8 damage)
             ... with a bolt of electricity
             ... on level 10 of the Dungeon.
             The game lasted 00:06:01 (7312 turns).

FastMan the Severer (Minotaur Berserker)            Turns: 7312, Time: 00:06:01

Health: -6/94      AC: 11    Str: 22    XL:     10   Next: 72%
Magic:  9/9        EV:  9    Int:  4    God:    Trog [****..]
Gold:   464        SH:  0    Dex: 16    Spells: 9/9 levels left

rFire    . . .     SeeInvis .   D - +3 battleaxe
rCold    . . .     Gourm    .   (shield currently unavailable)
rNeg     . . .     Faith    .   v - +1 chain mail of Indemnity {Dex+3} (curse)
rPois    .         Spirit   .   (helmet restricted)
rElec    .         Reflect  .   (no cloak)
rCorr    .         Harm     .   (no gloves)
MR       .....                  (no boots)
Stlth    ..........             (no amulet)
Regen    0.3/turn               (no ring)
MPRegen  0.2/turn               (no ring)

@: no status effects
A: retaliatory headbutt, horns 2
a: Berserk, Trog's Hand, Brothers in Arms, Burn Spellbooks, Renounce Religion


You were on level 10 of the Dungeon.
You worshipped Trog.
Trog was greatly pleased with you.
You were not hungry.

You visited 1 branch of the dungeon, and saw 10 of its levels.

You collected 464 gold pieces.

Inventory:

Hand Weapons
 a - a +0 hand axe
 n - a +1 war axe
 D - a +3 battleaxe (weapon)
Armour
 f - a +0 plate armour
 v - the cursed +1 chain mail of Indemnity (worn) {Dex+3}
   (You found it on level 5 of the Dungeon)

   It affects your dexterity (+3).
   It has a curse placed upon it.
Jewellery
 j - a cursed -6 ring of dexterity {unknown}
 p - an uncursed ring of stealth {unknown}
 C - an uncursed ring of fire {unknown}
Scrolls
 b - 3 scrolls of magic mapping
 e - 2 scrolls of immolation
 l - 4 scrolls of enchant weapon
 o - 3 scrolls of fear
 q - 3 scrolls of teleportation {@r3}
 t - 3 scrolls of remove curse {unknown}
 y - 3 scrolls of noise {unknown}
 A - a scroll of fog {unknown}
 B - a scroll of amnesia {unknown}
 G - 3 scrolls of identify {@r1}
 H - a scroll of enchant armour {unknown}
Potions
 g - a potion of mutation
 h - 3 potions of curing {@q1}
 i - a potion of flight {unknown}
 k - 3 potions of ambrosia
 m - a potion of heal wounds {@q2}
 r - a potion of resistance {unknown}
 s - a potion of magic {unknown}
 u - 2 potions of brilliance {unknown}
 w - 4 potions of agility {unknown}
 x - 2 potions of lignification {unknown}
 E - a potion of cancellation {unknown}
 I - a potion of haste {unknown}
Comestibles
 c - 5 bread rations {@e1}
 d - 5 meat rations {@e2}
 z - 4 royal jellies {@e3}
 J - 4 fruits {@e4}


   Skills:
 - Level 10.5 Fighting
 * Level 15.4 Axes
 + Level 6.0 Armour
 - Level 2.1 Dodging


You had 9 spell levels left.
You didn't know any spells.

Dungeon Overview and Level Annotations

Branches:
Dungeon (10/15)            Temple (0/1) D:5
   Lair: D:8-11         Orc: D:9-12

Altars:
Ashenzari
Gozag
Kikubaaqudgha
Nemelex Xobeh
Trog
Xom

Shops:
D:6 (

Annotations:
D:10 exclusion: ice statue


Innate Abilities, Weirdness & Mutations

You reflexively headbutt those who attack you in melee.
You have a pair of horns on your head.


Message History

The electric eel shoots out a bolt of lightning at you!
The bolt of electricity hits you!
A water moccasin zombie comes into view.
Things that are here:
a short sword; an orc corpse The electric eel shoots out a bolt of lightning at you!
The bolt of electricity hits the electric eel.
The electric eel completely resists.
The bolt of electricity hits you! x2
* * * LOW HITPOINT WARNING * * *
The bolt of electricity hits the electric eel.
The electric eel completely resists.
The orc priest calls down the wrath of Beogh upon you.
Beogh smites you!
* * * LOW HITPOINT WARNING * * *
The electric eel shoots out a bolt of lightning at you!
The bolt of electricity hits you!
* * * LOW HITPOINT WARNING * * *
The electric eel shoots out a bolt of lightning at you!
The bolt of electricity hits you!
You die...

...................#
####################.##########.#
.≈.≈.≈.≈.≈.≈.≈.≈.# #.## ###.#
≈.≈.≈.≈.≈.≈.≈.≈.≈###..#######...#
.≈.≈.≈.≈.≈.≈.≈.≈............#.###
≈.≈.≈.).≈.≈.≈.≈.≈...........#<#
.≈.≈.≈.≈.≈.≈.≈.≈............#.#
≈.≈.≈.≈.≈.≈.≈.≈.≈#####.######.#
................@))†.†.>.....>#
≈)≈.≈.≈.≈.≈.o.;.;######.###.###
.≈.≈.≈.≈.≈.≈.≈.;.# #.....##.#
≈.≈.≈.≈.≈.≈.≈.≈.≈# #.##..##.#
.≈.≈.≈.≈.≈.≈)≈.≈.###.##..##.#
.≈o≈.≈o≈.≈.≈#<#.###.##.#
≈.≈.≈.Z.≈.≈.#.#.# #..#.#
.≈.≈.≈.≈.≈.≈#.#.# #..#.#
≈.≈.≈.≈.≈.≈.#.#.# #..#.#


You could see 3 electric eels, an orc priest, an orc and a water moccasin
zombie.

Vanquished Creatures
  A two-headed ogre (D:5)
  A deep elf mage (D:8)
  A troll (D:9)
  A hippogriff (D:9)
  4 hogs (D:7)
  A human (D:7)
  The ghost of Sweeb the Slasher, an amateur DgSk (D:4)
  A steam dragon (D:10)
  A sky beast (D:10)
  2 orc warriors
  A black bear (D:10)
  2 phantoms
  7 ogres
  6 necrophages
  2 centaurs (D:7)
  7 bullfrogs
  A wyvern zombie (D:7)
  A scorpion (D:6)
  6 wights
  5 killer bees (D:10)
  2 electric eels (D:10)
  6 crimson imps
  2 quasits
  3 hounds
  A centaur skeleton (D:4)
  2 centaur zombies
  7 orc priests
  An iguana (D:7)
  A jelly (D:10)
  8 orc wizards
  5 worker ants
  2 hound zombies
  A hound skeleton (D:7)
  A mummy (D:7)
  Robin (D:2)
  9 adders
  A shadow imp (D:7)
  3 oozes
  An adder zombie (D:7)
  An adder skeleton (D:7)
  3 worms
  2 leopard geckos
  36 orcs
  A ball python (D:5)
  6 bats
  2 giant cockroaches (D:3)
  17 goblins
  5 hobgoblins
  4 jackals
  4 kobolds
  3 quokkas
  4 frilled lizards
  A jackal skeleton (D:4)
  A leopard gecko skeleton (D:4)
  A leopard gecko zombie (D:7)
  A quokka skeleton (D:5)
  2 rats (D:1)
203 creatures vanquished.

Vanquished Creatures (others)
  2 orcs (D:10)
2 creatures vanquished.

Grand Total: 205 creatures vanquished

Notes
Turn   | Place    | Note
-------+----------+-------------------------------------------
     0 | D:1      | FastMan the Minotaur Berserker began the quest for the Orb.
     0 | D:1      | Reached XP level 1. HP: 19/19 MP: 0/0
   324 | D:1      | Reached skill level 4 in Axes
   324 | D:1      | Reached XP level 2. HP: 20/27 MP: 1/1
   758 | D:2      | Reached XP level 3. HP: 30/33 MP: 2/2
   865 | D:2      | Noticed Robin
   874 | D:2      | Reached ** piety under Trog
   879 | D:2      | Reached skill level 5 in Axes
   881 | D:2      | Killed Robin
   881 | D:2      | Reached XP level 4. HP: 27/41 MP: 3/3
  1698 | D:3      | Reached skill level 5 in Fighting
  2007 | D:4      | Noticed Sweeb's ghost (amateur DgSk)
  2012 | D:4      | Noticed a phantom
  2028 | D:4      | Killed Sweeb's ghost
  2028 | D:4      | Reached skill level 6 in Axes
  2028 | D:4      | Reached XP level 5. HP: 44/49 MP: 4/4
  2029 | D:4      | Killed a phantom
  2029 | D:4      | Reached skill level 7 in Axes
  2029 | D:4      | Reached XP level 6. HP: 52/57 MP: 5/5
  2382 | D:4      | Found a shimmering altar of Xom.
  2629 | D:4      | Reached skill level 8 in Axes
  2629 | D:4      | Reached XP level 7. HP: 50/64 MP: 6/6
  2927 | D:5      | Entered Level 5 of the Dungeon
  3032 | D:5      | Got a smelly chain mail
  3048 | D:5      | Identified the cursed +1 chain mail of Indemnity {Dex+3} (You found it on level 5 of the Dungeon)
  3060 | D:5      | Found a staircase to the Ecumenical Temple.
  3064 | D:5      | Noticed a two-headed ogre
  3074 | D:5      | Killed a two-headed ogre
  3074 | D:5      | Reached skill level 10 in Axes
  3074 | D:5      | Reached XP level 8. HP: 15/74 MP: 7/7
  3154 | D:5      | Reached *** piety under Trog
  3383 | D:5      | Reached skill level 11 in Axes
  3796 | D:6      | Reached XP level 9. HP: 83/83 MP: 8/8
  4048 | D:6      | Found a bloodstained altar of Trog.
  4078 | D:6      | Found Nearghad's Weapon Boutique.
  4195 | D:7      | Found an opulent altar of Gozag.
  4234 | D:7      | Reached skill level 12 in Axes
  4671 | D:7      | Reached skill level 10 in Fighting
  4671 | D:7      | Reached skill level 13 in Axes
  4971 | D:7      | Reached **** piety under Trog
  5072 | D:7      | Reached XP level 10. HP: 78/94 MP: 9/9
  5361 | D:7      | Received a gift from Trog
  5480 | D:8      | Reached skill level 14 in Axes
  5516 | D:8      | Noticed a deep elf mage
  5519 | D:8      | Killed a deep elf mage
  5751 | D:8      | Found a sparkling altar of Nemelex Xobeh.
  6006 | D:9      | Found a shattered altar of Ashenzari.
  6448 | D:9      | Found an ancient bone altar of Kikubaaqudgha.
  6507 | D:9      | Reached skill level 15 in Axes
  6507 | D:9      | Reached skill level 5 in Armour
  6702 | D:10     | Entered Level 10 of the Dungeon
  6877 | D:10     | Noticed an ice statue
  7312 | D:10     | HP: 2/94 [electric eel/bolt of electricity (13)]
  7312 | D:10     | Killed from afar by an electric eel

Vault maps used:
D:1:      dpeg_arrival_tiny_g, serial_glass, glass_columns_b, glass_columns_c,
          st_stairs_12, grunt_decor_resistance, minmay_pentomino_q2
D:2:      lemuel_blue_sif_altar, uniq_robin
D:3:      serial_glass, glass_columns_a, glass_columns_b, item_on_display_a,
          minmay_strange_pillars, due_unseen_surprise, hangedman_decor_points,
          grunt_decor_cap
D:4:      brannock_xom_greatest_gift, kennysheep_mini_moat
D:5:      temple_hall, first_bread, minmay_hedge_maze
D:6:      serial_shops, kennysheep_little_box, trog_book
D:7:      lemuel_crystal_altar, serial_undead, serial_undead_a, serial_undead_a,
          serial_undead_d, serial_undead_a, serial_undead_a, grunt_livestock
D:8:      lemuel_crystal_altar, corexii_checkpoint_a
D:9:      lemuel_doored_altar, nicolae_ashenzari_panopticon
D:10:     lemuel_ice_statue, hiddenorc2_lemuel, nicolae_benzene_ring

Skill      XL: |  1  2  3  4  5  6  7  8  9 10 |
---------------+-------------------------------+-----
Fighting       | 4 5 6 8 9 10 | 10.5
Axes           | 4 5 6 7 8 10 11 13 15 | 15.4
Armour         | 6 |  6.0
Dodging        | |  2.1

Action                   |  1- 3 |  4- 6 |  7- 9 | 10-12 || total
-------------------------+-------+-------+-------+-------++-------
Melee: Hand axe          |    75 |    88 |       |       ||   163
       Headbutt          |    13 |    16 |    37 |    27 ||    93
       War axe           |       |     9 |   182 |       ||   191
       Battleaxe         |       |       |     3 |   138 ||   141
Invok: Berserk           |     2 |     2 |     4 |     2 ||    10
       Trog's Hand       |       |     1 |     1 |     1 ||     3
  Use: Scroll            |       |     1 |    12 |     1 ||    14
       Potion            |       |       |       |     2 ||     2
 Stab: Sleeping          |     1 |       |       |       ||     1
  Eat: Chunk             |     2 |     7 |     8 |     7 ||    24
       Bread ration      |       |       |     1 |     1 ||     2
Armor: Animal skin       |     7 |       |       |       ||     7
       Plate armour      |    18 |    61 |     9 |       ||    88
       Chain mail        |       |       |    89 |    83 ||   172
Dodge: Dodged            |    28 |    40 |    75 |    67 ||   210
